 Dungeon Crawl Stone Soup version 0.21.1-1-g345015fe64 (webtiles) character file.

88 Lentor the Skirmisher (level 4, -1/40 HPs)
             Began as a Draconian Berserker on June 8, 2018.
             Was a Believer of Trog.
             Slain by an orc
             ... wielding a +0 flail
              (7 damage)
             ... on level 3 of the Dungeon.
             The game lasted 00:03:23 (1247 turns).

Lentor the Skirmisher (Draconian Berserker)         Turns: 1247, Time: 00:03:24

Health: -1/40      AC:  5    Str: 20    XL:     4   Next: 29%
Magic:  4/4        EV: 13    Int:  8    God:    Trog [**....]
Gold:   98         SH:  0    Dex: 10    Spells: 3/3 levels left

rFire    + . .     SeeInvis .   a - +0 falchion
rCold    + . .     Gourm    .   (no shield)
rNeg     . . .     Faith    .   (armour unavailable)
rPois    .         Spirit   .   (helmet restricted)
rElec    .         Reflect  .   i - scarf {rC+ rF+}
rCorr    .         Harm     .   (no gloves)
MR       .....                  (no boots)
Stlth    ++........             (no amulet)
HPRegen  0.13/turn              (no ring)
MPRegen  0.09/turn              (no ring)

@: berserk cooldown, starving, slowed, very slow
A: unfitting armour, cold-blooded, AC +5
a: Berserk, Trog's Hand, Burn Spellbooks, Renounce Religion


You were on level 3 of the Dungeon.
You worshipped Trog.
Trog was pleased with you.
You were starving.

You visited 1 branch of the dungeon, and saw 3 of its levels.

You collected 98 gold pieces.

Inventory:

Hand Weapons
 a - a +0 falchion (weapon)
Armour
 i - a scarf of resistance (worn)
Wands
 l - a wand of flame (27)
Scrolls
 e - a scroll of amnesia {unknown}
 f - 2 scrolls of immolation {unknown}
 g - a scroll of fog {unknown}
 h - a scroll of blinking {unknown}
 j - a scroll of fear {unknown}
 k - a scroll of identify {unknown}
Potions
 c - 2 potions of flight {unknown}
 d - 4 potions of curing {unknown}
Comestibles
 b - 3 rations


   Skills:
 + Level 3.9 Fighting
 + Level 3.7 Long Blades
 + Level 3.1 Dodging
 + Level 1.9 Stealth


You had 3 spell levels left.
You didn't know any spells.

Dungeon Overview and Level Annotations

Branches:
Dungeon (3/15)

Altars:


Innate Abilities, Weirdness & Mutations

Your plain brown scales are hard. (AC +5)
You cannot fit into any form of body armour.
You are cold-blooded and may be slowed by cold attacks.


Message History

* * * LOW HITPOINT WARNING * * *
You hit the orc.
The orc is moderately wounded.
The orc misses you.
You riposte.
You closely miss the orc.
The orc is moderately wounded.
You hit the orc but do no damage.
The orc is moderately wounded.
You hit the orc.
Your tail-slap misses the orc.
The orc is almost dead.
The orc hits you with a flail.
* * * LOW HITPOINT WARNING * * *
You feel a strong urge to attack something.
You feel your anger nearly subside.
You are no longer berserk.
You are exhausted.
You feel yourself slow down. The orc barely misses you.
There are no items here.
The orc misses you. The orc hits you with a flail!
You die...

##...###.........#
#.....##.##......#
##...###.##.###.##
#.#####.####.##>###.#
#.....oo..o........#
#.#####.####.######.#
#.# #.# #.# #o#
#.######.# #.#
#.o@.....##### #o#
######)......# #.#
######.#####.# #.#
##...##># #.# #.#
#.....#.#####.# #.#
#.[...........# ...
#..<....#..##.# ...
##...#..##.##.# #...#
##.##..##.##.#


You could see an orc.

Vanquished Creatures
  3 adders (D:2)
  3 dart slugs
  3 leopard geckos
  An orc (D:3)
  A giant cockroach (D:2)
  6 goblins
  8 hobgoblins
  4 jackals (D:2)
  A ball python (D:2)
  7 bats
  A frilled lizard (D:2)
  3 kobolds (D:2)
  9 rats
50 creatures vanquished.

Notes
Turn   | Place    | Note
-------+----------+-------------------------------------------
     0 | D:1      | Lentor the Draconian Berserker began the quest for the Orb.
     0 | D:1      | Reached XP level 1. HP: 19/19 MP: 1/1
   116 | D:1      | Reached XP level 2. HP: 22/26 MP: 2/2
   223 | D:1      | Reached skill level 1 in Stealth
   346 | D:1      | Reached ** piety under Trog
   439 | D:2      | Reached XP level 3. HP: 31/31 MP: 3/3
   923 | D:2      | Reached XP level 4. HP: 32/40 MP: 4/4
  1247 | D:3      | Slain by an orc

Skill      XL: |  1  2  3 |
---------------+----------+-----
Stealth        | 1 |  1.9
Dodging        | 3 |  3.1
Fighting       | |  3.9
Long Blades    | |  3.7

Action                   |  1- 3 |  4- 6 || total
-------------------------+-------+-------++-------
Melee: Falchion          |   109 |    29 ||   138
       Tailslap          |     9 |     2 ||    11
Invok: Berserk           |       |     1 ||     1
 Stab: Sleeping          |     7 |       ||     7
Armor: Skin              |    44 |    14 ||    58
Dodge: Dodged            |    74 |    17 ||    91
       Rpst.: Falchion   |    22 |     7 ||    29
